 Dungeon Crawl Stone Soup version 0.27-a0-909-g0721f309d1 (webtiles) character file.

Game seed: 12833347545156840765

28 Alarkh the Insei (level 3, 26/27 HPs)
             Began as a Demonspawn Transmuter on Apr 8, 2021.
             Got out of the dungeon alive.
             The game lasted 00:01:04 (1014 turns).

Alarkh the Insei (Demonspawn Transmuter)            Turns: 1014, Time: 00:01:04

Health: 26/27      AC:  2    Str: 10    XL:     3   Next: 0%
Magic:  6/6        EV: 12    Int: 17    God:
Gold:   57         SH:  0    Dex: 13    Spells: 5/6 levels left

rFire    . . .     SeeInvis .     - Unarmed
rCold    . . .     Faith    .   (no shield)
rNeg     . . .     Spirit   .   a - +0 robe
rPois    .         Reflect  .   (no helmet)
rElec    .         Harm     .   (no cloak)
rCorr    .         Rampage  .   (no gloves)
Will     .....                  (no boots)
Stlth    +.........             (no amulet)
HPRegen  0.09/turn              (no ring)
MPRegen  0.10/turn              (no ring)

@: no status effects
A: claws 1, big brain 1
a: no special abilities


You escaped.
You visited 1 branch of the dungeon, and saw 2 of its levels.

You collected 57 gold pieces.

Inventory:

Armour
 a - a +0 robe (worn)
Scrolls
 b - 2 scrolls of teleportation {unknown}
 c - a scroll of amnesia {unknown}
 g - a scroll of fear {unknown}
Potions
 d - a potion of resistance {unknown}
 e - a potion of brilliance {unknown}
 f - a potion of curing {unknown}


   Skills:
 + Level 1.8 Fighting
 - Level 1.7 Dodging
 * Level 3.5 Unarmed Combat
 - Level 2.0 Spellcasting
 - Level 1.7 Transmutations


You had 5 spell levels left.
You knew the following spells:

 Your Spells              Type           Power      Damage    Failure   Level
a - Beastly Appendage     Tmut           14%        N/A       10%         1

Your spell library contained the following spells:

 Spells                   Type           Power      Damage    Failure   Level
 Wereblood                Tmut           7%         N/A       14%         2
 Spider Form              Tmut/Pois      2%         N/A       38%         3
 Ice Form                 Ice/Tmut       4%         N/A       80%         4
 Hydra Form               Tmut           3%         N/A       95%         5


Dungeon Overview and Level Annotations

Branches:
Dungeon (2/15)

Altars:


Innate Abilities, Weirdness & Mutations

You have sharp fingernails.
You have an unusually large brain. (Int +2)


Message History

You kill the hobgoblin!
No target in view!
No target in view!
No target in view!
No target in view!
No target in view!
No target in view!
No target in view!
No target in view!
You see here a hobgoblin corpse.
b - 2 scrolls labelled PAKHLIE XAMIP (gained 1)
You see here 27 bolts.
Found a dagger.
A quokka comes into view.
Found a scroll labelled IXTAS IG NIME.
A quokka is nearby!
Casting: Beastly Appendage (safe; 12% risk of failure)
Confirm with . or Enter, or press ? or * to list all spells.
You grow a pair of large bovine horns.
Your feet morph into talons.
Unknown command.
Your transformation is almost over.
You miss the quokka. Your kick misses the quokka. The quokka barely misses you.
The quokka bites you.
You scratch the quokka.
You kill the quokka!
You have reached level 3!
Your experience leads to an increase in your attributes!
Increase (S)trength, (I)ntelligence, or (D)exterity?
You feel clever.
Your demonic ancestry asserts itself...
Your brain expands.
Your horns disappear.
Your talons disappear.
A bat comes into view.
You can't go up here!
Unknown command.
There is a stone staircase leading up here.
You climb upwards.
There is a stone staircase leading down here.
There is a staircase leading out of the dungeon here.
Are you sure you want to leave the Dungeon?
This will make you lose the game!
You have escaped!

...^##.##.##.#####.#
###.##.##....# #.##
#.##.##..#######..###
#.##.##.............#
#.##.##...##.....#..#
###.##.##...##.######.#
.#####.##....8.....8..#
.##..........#.....#..#
.##.##.##....#..@..#..##
.......##....#.....#...#
#####.)##....8.....8...####
†...##..#...######.##.....#
....#.#......#.....#..###.#
....#..#..............###.###
....#..#....................#
....#..#.#.#.#....#.##.##.######
#####..#.#.....................#


There were no monsters in sight!

Vanquished Creatures
  An endoplasm (D:1)
  2 giant cockroaches
  4 hobgoblins
  4 kobolds (D:1)
  3 quokkas
  2 ball pythons (D:1)
  6 bats (D:1)
  A frilled lizard (D:1)
  A rat (D:1)
24 creatures vanquished.

Notes
Turn   | Place    | Note
-------+----------+-------------------------------------------
     0 | D:1      | Alarkh the Demonspawn Transmuter began the quest for the
                  | Orb.
     0 | D:1      | Reached XP level 1. HP: 15/15 MP: 3/3
    63 | D:1      | Reached skill level 3 in Unarmed Combat
   132 | D:1      | Found a faded altar of an unknown god.
   157 | D:1      | Gained mutation: You have sharp fingernails. [demonic
                  | ancestry]
   157 | D:1      | Reached XP level 2. HP: 21/21 MP: 1/5
   986 | D:2      | Gained mutation: You have an unusually large brain. (Int
                  | +2) [demonic ancestry]
   986 | D:2      | Reached XP level 3. HP: 23/27 MP: 4/6
  1014 | D:$      | Got out of the dungeon alive.

Illustrated notes

Levels and vault maps discovered:
D:1:      scummos_arrival_simple_crosswalls, layout_basic,
          chequers_ecumenical_altar_island, minmay_3d_cube
D:2:      layout_basic, serial_shops, shop_fountains

Skill      XL: |  1 |
---------------+----+-----
Unarmed Combat | 3 |  3.5
Fighting       | |  1.8
Dodging        | |  1.7
Spellcasting   | |  2.0
Transmutations | |  1.7

Action                   || total
-------------------------++-------
Melee: Unarmed           ||    67
       Kick              ||    10
       Headbutt          ||     3
       Punch             ||     1
 Cast: Beastly Appendage ||    15
 Stab: Sleeping          ||     1
Armor: Robe              ||    17
Dodge: Dodged            ||    59

Table legend: (Time is in decaauts)
 A = Elapsed time spent in this place.
 B = Non-inter-level travel time spent in this place.
 C = Inter-level travel time spent in this place.
 D = Time resting spent in this place.
 E = Time spent auto-exploring this place.
 F = Levels seen in this place.
 G = Mean time per level.
                   A        B        C        D        E       F      G
               +--------+--------+--------+--------+--------+-----+--------+
         Total |   1018 |    957 |     61 |      7 |    767 |   2 |  509.0 |
       Dungeon |   1018 |    957 |     61 |      7 |    767 |   2 |  509.0 |
               +--------+--------+--------+--------+--------+-----+--------+

Top non-repeatable levels by time:
     D:1: 916 daAuts
     D:2: 101 daAuts
